 Dungeon Crawl Stone Soup version 0.19.1 (webtiles) character file.

154 Haldmier the Shooter (level 5, 0/33 HPs)
             Began as a High Elf Arcane Marksman on Nov 28, 2016.
             Slain by a leopard gecko (2 damage)
             ... on level 2 of the Dungeon.
             The game lasted 00:16:44 (4393 turns).

Haldmier the Shooter (High Elf Arcane Marksman)     Turns: 4393, Time: 00:16:45

Health: 0/33       AC:  2    Str: 10    XL:     5   Next: 13%
Magic:  2/7        EV: 13    Int: 17    God:
Gold:   150        SH:  0    Dex: 15    Spells: 2 memorised, 3 levels left

rFire  . . .     SeeInvis .     b - +0 club
rCold  . . .     Gourm    .     e - +0 robe
rNeg   . . .     Faith    .     (no shield)
rPois  .         Spirit   .     (no helmet)
rElec  .         Reflect  .     (no cloak)
rCorr  .         Harm     .     (no gloves)
MR     .....                    (no boots)
Stlth  +.........               (no amulet)
                                (no ring)
                                (no ring)

@: no status effects
A: no striking features
a: no special abilities


You were on level 2 of the Dungeon.
You were very hungry.

You visited 1 branch of the dungeon, and saw 3 of its levels.

You collected 150 gold pieces.

Inventory:

Hand Weapons
 a - a +0 shortbow
 b - a +0 club (weapon)
 g - a +0 dagger
Missiles
 d - 11 arrows
Armour
 e - a +0 robe (worn)
Jewellery
 h - an uncursed ring of protection from magic {unknown}
Scrolls
 k - 2 scrolls of fog {unknown}
 m - 3 scrolls of identify {unknown}
 n - a scroll of teleportation {unknown}
 s - a scroll of remove curse {unknown}
 u - a scroll of enchant armour {unknown}
 w - a scroll of blinking {unknown}
Potions
 j - a potion of might {unknown}
 o - 2 potions of curing {unknown}
 r - 3 potions of lignification {unknown}
 t - a potion of mutation {unknown}
 v - a potion of heal wounds {unknown}
Books
 c - a book of Debilitation

   Spells                             Type                      Level
   a - Corona                         Hexes                        1
   b - Slow                           Hexes                        2
   c - Gell's Gravitas                Hexes/Translocation          3
   d - Inner Flame                    Hexes/Fire                   3
   e - Cause Fear                     Hexes                        4
   f - Leda's Liquefaction            Hexes/Earth                  4
Comestibles
 f - a bread ration
 i - a slice of pizza
 l - 2 meat rations
 p - 5 chunks of flesh
 q - a royal jelly


   Skills:
 + Level 1.0 Fighting
 + Level 7.1 Bows
 - Level 2.1 Dodging
 - Level 1.2 Spellcasting
 + Level 3.0 Hexes


You had 3 spell levels left.
You knew the following spells:

 Your Spells              Type           Power        Failure   Level  Hunger
a - Corona                Hex            ##.....      10%         1    ##.....
b - Slow                  Hex            ##......     12%         2    ###....


Dungeon Overview and Level Annotations

Branches:
Dungeon (3/15)

Altars:
Qazlal


Message History

The jackal closely misses you. The jackal barely misses you.
You closely miss the jackal.
The jackal is almost dead.
The jackal barely misses you.
You miss the jackal.
The jackal is almost dead.
The jackal closely misses you.
You hit the jackal.
You kill the jackal!
Casting: Slow
Confirm with . or Enter, or press ? or * to list all spells.
Aiming: Slow
Press: ? - help, Shift-Dir - straight line, f - leopard gecko
Aim: a leopard gecko (clinging, chance to defeat MR: 64%)
The leopard gecko seems to slow down.
The leopard gecko barely misses you.
You now have 2/7 mp.
You hit the leopard gecko but do no damage.
The leopard gecko misses you.
You closely miss the leopard gecko. The leopard gecko bites you.
You die...

### #.# #.# #)### ##########
#.##########.###'### .........#
#.........##.#...... .........#
#.........##.#...... .........#
#.........##........
.........#####.........#....#'###
.......................####.#.#
............................#.###
..............##@#########..#....
..............##l#########..#..##
..............##)........#..#..#
.......................#.#..#..##
......>...........[.............#
.......###############.#.#..#...#
...............รท.................
.............#########.#.#.......
.............# #.......#.##....


You could see a leopard gecko.

Vanquished Creatures
  Jessica (D:2)
  4 gnolls
  2 adders (D:2)
  2 worms (D:2)
  3 dart slugs
  6 bats
  2 giant cockroaches (D:2)
  9 goblins
  4 hobgoblins
  10 jackals
  5 kobolds
  2 quokkas (D:2)
  2 ball pythons (D:3)
  4 frilled lizards
  5 rats
61 creatures vanquished.

Notes
Turn   | Place    | Note
-------+----------+-------------------------------------------
     0 | D:1      | Haldmier the High Elf Arcane Marksman began the quest for the Orb.
     0 | D:1      | Reached XP level 1. HP: 13/13 MP: 3/3
    69 | D:1      | Reached skill level 3 in Bows
   362 | D:1      | Reached XP level 2. HP: 18/18 MP: 4/4
   638 | D:1      | Reached skill level 4 in Bows
   965 | D:1      | Learned a level 2 spell: Slow
  1781 | D:2      | Reached XP level 3. HP: 21/23 MP: 0/5
  1877 | D:2      | Found a stormy altar of Qazlal.
  2099 | D:2      | Reached skill level 5 in Bows
  2489 | D:2      | Noticed Jessica
  2847 | D:2      | Reached XP level 4. HP: 28/28 MP: 0/6
  2929 | D:2      | Reached skill level 6 in Bows
  3652 | D:2      | Killed Jessica
  4013 | D:2      | Reached XP level 5. HP: 32/33 MP: 3/7
  4019 | D:2      | Reached skill level 7 in Bows
  4342 | D:3      | Found a faded altar of an unknown god.
  4385 | D:2      | HP: 1/33 [jackal (1)]
  4393 | D:2      | Slain by a leopard gecko

Skill      XL: |  1  2  3  4  5 |
---------------+----------------+-----
Bows           | 3 4 5 6 7 |  7.1
Fighting       | |  1.0
Dodging        | |  2.1
Spellcasting   | |  1.2
Hexes          | |  3.0

Action                   |  1- 3 |  4- 6 || total
-------------------------+-------+-------++-------
Melee: Unarmed           |    20 |       ||    20
       Club              |    85 |   143 ||   228
 Fire: Shortbow          |    44 |    29 ||    73
Throw: Throwing net      |       |     1 ||     1
 Cast: Corona            |     9 |    17 ||    26
       Slow              |     5 |     8 ||    13
 Stab: Sleeping          |     2 |     2 ||     4
  Eat: Chunk             |     7 |     5 ||    12
Armor: Robe              |    34 |    38 ||    72
Dodge: Dodged            |    93 |   196 ||   289
